 Dungeon Crawl Stone Soup version 0.30.1-9-gdf580d7c3d (webtiles) character file.

Game seed: 14463516061643312879

971 lonewolfV2 the Chopper (level 7, -4/61 HPs)
             Began as a Minotaur Fighter on Sept 26, 2023.
             Slain by an iguana (10 damage)
             ... on level 5 of the Dungeon.
             The game lasted 00:04:14 (4301 turns).

lonewolfV2 the Chopper (Minotaur Fighter)           Turns: 4301, Time: 00:04:14

Health: -4/61      AC:  7    Str: 23    XL:     7   Next: 94%
Magic:  15/15      EV: 10    Int:  5    God:
Gold:   206        SH:  5    Dex:  9    Spells: 6/6 levels left

rFire   . . .        a - +1 war axe
rCold   . . .        c - +1 buckler
rNeg    . . .        b - +0 scale mail
rPois   .            (helmet restricted)
rElec   .            (no cloak)
rCorr   +            (no gloves)
SInv    .            (no boots)
Will    .....        i - amulet of regeneration Stlth
                     o - ring of resist corrosion
HPRegen 1.10/turn    n - ring of magical power
MPRegen 0.14/turn

%: no passive effects
@: no status effects
A: horns 2, retaliatory headbutt
a: no special abilities


You were on level 5 of the Dungeon.
You visited 2 branches of the dungeon, and saw 6 of its levels.

You collected 206 gold pieces.

Inventory:

Hand Weapons
 a - a +1 war axe (weapon)
Missiles
 q - a throwing net (quivered)
Armour
 b - a +0 scale mail (worn)
 c - a +1 buckler (worn)
Jewellery
 i - an amulet of regeneration (around neck)
 n - a ring of magical power (right hand)
 o - a ring of resist corrosion (left hand)
 s - an amulet of guardian spirit
Scrolls
 g - 2 scrolls of teleportation
Potions
 d - a potion of might
 e - 3 potions of flight
 h - a potion of ambrosia {unknown}
 j - 2 potions of heal wounds {unknown}
 k - 6 potions of curing {unknown}
 m - 2 potions of lignification {unknown}
 p - a potion of haste {unknown}
 t - a potion of mutation {unknown}
 u - a potion of cancellation {unknown}


   Skills:
 + Level 5.4 Fighting
 + Level 7.1 Axes
 + Level 6.8 Armour
 + Level 2.7 Dodging
 + Level 0.6 Stealth
 + Level 5.0 Shields


You had 6 spell levels left.
You didn't know any spells.
Your spell library contained the following spells:

 Spells                   Type           Power      Damage    Failure   Level
 Scorch                   Fire           0%         2d5       92%         2
 Gell's Gravitas          Tloc           0%         N/A       99%         3
 Teleport Other           Tloc           0%         N/A       99%         3
 Flame Wave               Conj/Fire      0%         2d4       100%        4
 Dispersal                Tloc           0%         N/A       100%        6
 Summon Cactus Giant      Summ           0%         N/A       100%        6


Dungeon Overview and Level Annotations

Branches:
Dungeon (5/15)             Temple (1/1) D:4

Altars:
Ashenzari
Dithmenos
Hepliaklqana
Kikubaaqudgha
Makhleb
Nemelex Xobeh
Sif Muna
Trog
Uskayaw
Xom
Zin
The Shining One


Innate Abilities, Weirdness & Mutations

You have a pair of horns on your head.
You reflexively headbutt those who attack you in melee.


Message History

The troll claws you! You block the troll's attack.
You closely miss the troll. Your headbutt misses the troll. You miss the adder.
The adder closely misses you. The troll misses you. You furiously retaliate!
You headbutt the troll! The troll claws you. You block the troll's attack.
You barely miss the troll.
The troll is moderately wounded.
You hit the adder but do no damage. You hit the scorpion. The adder bites you.
The scorpion stings you but does no damage.
The troll barely misses you. You furiously retaliate!
You headbutt the troll! The troll barely misses you. The troll claws you.
You block the scorpion's attack. The adder barely misses you.
You furiously retaliate!
You headbutt the adder.
You kill the adder!
You slash the troll!
The troll is almost dead.
You hit the scorpion but do no damage. The scorpion stings you.
The troll barely misses you. You block the troll's attack. The troll claws you.
* * * LOW HITPOINT WARNING * * *
Unknown command.
You closely miss the troll.
The troll is severely wounded.
You slash the scorpion! You hit the iguana but do no damage.
You block the scorpion's attack. The iguana bites you!
* * * LOW HITPOINT WARNING * * *
The troll misses you. You furiously retaliate!
You headbutt the troll!
You kill the troll!
The troll leather armour is intact enough to wear.
The scorpion stings you.
* * * LOW HITPOINT WARNING * * *
Your Axes skill increases to level 7!
Your Shields skill increases to level 5!
The iguana barely misses you. The orc hits you with a +0 mace.
* * * LOW HITPOINT WARNING * * *
You block the scorpion's attack.
Things that are here:
a +0 troll leather armour; a troll corpse You hit the scorpion.
The scorpion is almost dead.
You hit the orc. You barely miss the iguana. The iguana bites you!
You die...

..#... .#... .## ....
.....#### .# ...
#........### ... ..
#..........###
#.###.###............#
#.....o..............#
#....l@s............#
###................#
#............>...###
#..............#...###
#..#.....<....####...#
#..#........### ###..
#.. ##.......# ###..
#.. ##..##..# ##....
#. ######.# ###.....


You could see a scorpion, an iguana and an orc.

Vanquished Creatures
  A troll (D:5)
  A sky beast (D:4)
  A black bear (D:4)
  An ogre (D:4)
  3 scorpions
  3 hounds
  A jelly (D:4)
  Crazy Yiuf (D:4)
  4 gnolls (D:3)
  6 adders
  A white imp (D:3)
  An ufetubus (D:4)
  A worm (D:2)
  A dart slug (D:2)
  2 orcs
  8 bats
  8 endoplasms
  2 giant cockroaches (D:3)
  5 goblins
  5 hobgoblins
  A quokka (D:3)
  6 ball pythons
  A frilled lizard (D:1)
  3 kobolds
  4 rats
71 creatures vanquished.

Notes
Turn   | Place    | Note
-------+----------+-------------------------------------------
     0 | D:1      | lonewolfV2 the Minotaur Fighter began the quest for the
                  | Orb.
     0 | D:1      | Reached XP level 1. HP: 19/19 MP: 0/0
   142 | D:1      | Reached XP level 2. HP: 27/27 MP: 1/1
   303 | D:1      | Found a faded altar of an unknown god.
   948 | D:2      | Reached XP level 3. HP: 33/33 MP: 2/2
  1019 | D:2      | Reached skill level 3 in Axes
  1250 | D:2      | Noticed a scorpion
  1258 | D:2      | Killed a scorpion
  1259 | D:2      | Reached XP level 4. HP: 40/41 MP: 3/3
  1453 | D:3      | Reached skill level 1 in Dodging
  1587 | D:3      | Reached skill level 4 in Axes
  1587 | D:3      | Reached XP level 5. HP: 18/47 MP: 4/4
  2209 | D:3      | Found a hide-covered altar of Uskayaw.
  2860 | D:4      | Reached skill level 5 in Axes
  2860 | D:4      | Reached skill level 5 in Armour
  2860 | D:4      | Reached XP level 6. HP: 49/53 MP: 5/5
  2927 | D:4      | Found a burning altar of Makhleb.
  2927 | D:4      | Noticed a cacodemon
  2959 | D:4      | HP: 2/53 [ogre/+0 giant spiked club (24)]
  3293 | D:4      | Found a staircase to the Ecumenical Temple.
  3410 | D:4      | Noticed a sky beast
  3417 | D:4      | Killed a sky beast
  3564 | D:4      | Reached skill level 6 in Axes
  3564 | D:4      | Reached XP level 7. HP: 50/60 MP: 6/6
  3609 | D:4      | Reached skill level 5 in Fighting
  3889 | D:4      | Found a runed translucent door.
  3890 | D:4      | Noticed Crazy Yiuf
  4044 | D:4      | Killed Crazy Yiuf
  4103 | Temple   | Entered the Ecumenical Temple
  4244 | D:5      | Entered Level 5 of the Dungeon
  4291 | D:5      | Noticed a troll
  4299 | D:5      | Killed a troll
  4300 | D:5      | Reached skill level 7 in Axes
  4300 | D:5      | Reached skill level 5 in Shields
  4301 | D:5      | Slain by an iguana

Illustrated notes

Levels and vault maps discovered:
D:1:      lemuel_arrival_funnel, layout_loops_ring,
          shapermc_ecumenical_altar_mp_vishouse
D:2:      layout_loops_cross
D:3:      layout_loops_ring, overflow_temple_1_default, minmay_starry_boxes
D:4:      layout_basic, makhleb_altar_promises_db, minmay_temple_entry_waves,
          serial_co_window_serial, co_window_corner_a, co_window_paths_b,
          co_window_of_opportunity_a, co_window_paths_a, co_window_corner_a,
          co_window_paths_c, co_window_corner_ca, co_window_broadway_b,
          co_window_cross_3, glass_columns_a, glass_columns_c, glass_columns_a,
          uniq_crazy_yiuf_cottage
D:5:      layout_cave_pods, minmay_chambers_of_fives
Temple:   zaba_magenta_temple

Skill      XL: |  1  2  3  4  5  6  7 |
---------------+----------------------+-----
Shields        | 4 5 |  5.0
Fighting       | 4 5 |  5.4
Armour         | 4 5 6 |  6.8
Axes           | 3 4 5 6 7 |  7.1
Dodging        | 1 2 |  2.7
Stealth        | |  0.6

Action                     |  1- 3 |  4- 6 |  7- 9 || total
---------------------------+-------+-------+-------++-------
  Melee: War axe           |    47 |    78 |    29 ||   154
         Headbutt          |     4 |    11 |     5 ||    20
    Use: Scroll            |       |     4 |     3 ||     7
 Armour: Scale mail        |    24 |    44 |    23 ||    91
  Dodge: Dodged            |    38 |    43 |    26 ||   107
  Block: Buckler           |    11 |    18 |    18 ||    47
